 Dungeon Crawl Stone Soup version 0.18.1-6-gd335043 (webtiles) character file.

1051 deorigin the Basher (level 8, -13/117 HPs)
             Began as an Ogre Berserker on May 17, 2016.
             Was a Priest of Trog.
             Mangled by an iguana (14 damage)
             ... on level 6 of the Dungeon.
             The game lasted 00:09:40 (7249 turns).

deorigin the Basher (Ogre Berserker)                Turns: 7249, Time: 00:09:41

Health: -13/117    AC:  3    Str: 28    XL:     8   Next: 26%
Magic:  8/8        EV: 10    Int:  6    God:    Trog [***...]
Gold:   289        SH:  0    Dex: 11    Spells: 0 memorised, 7 levels left

rFire  . . .     SeeInvis +     K - +2 flail
rCold  . . .     Gourm    .     b - +0 animal skin
rNeg   . . .     Faith    .     (no shield)
rPois  .         Spirit   .     (helmet restricted)
rElec  .         Dismiss  .     (no cloak)
rCorr  +         Reflect  .     (gloves unavailable)
SustAt .         Harm     .     (boots unavailable)
MR     .....                    o - amulet of rage
Stlth  ..........               B - ring of see invisible
                                j - ring of resist corrosion

@: berserking, drained, very quick, not resistant to hostile enchantments,
extremely unstealthy
A: unfitting armour, tough skin 1
a: Berserk, Trog's Hand, Burn Spellbooks, Renounce Religion, Evoke Berserk Rage


You were on level 6 of the Dungeon.
You worshipped Trog.
Trog was most pleased with you.
You were hungry.

You visited 1 branch of the dungeon, and saw 6 of its levels.

You collected 289 gold pieces.

Inventory:

Hand Weapons
 a - a +0 giant club
 z - a +0 flail
 K - a +2 flail (weapon)
Missiles
 m - 8 tomahawks (quivered)
 v - 3 tomahawks of returning
 A - 17 poisoned needles
Armour
 b - a +0 animal skin (worn)
 t - a +0 shield
Jewellery
 j - a ring of resist corrosion (left hand)
 o - an amulet of rage (around neck)
 s - an uncursed ring of wizardry
 B - a ring of see invisible (right hand)
 G - an uncursed ring of flight {unknown}
Wands
 x - a wand of lightning (8/15)
 C - a wand of disintegration (16/24)
 E - a wand of lightning (7/15)
Scrolls
 e - a scroll of blinking {unknown}
 f - 13 scrolls of identify {unknown}
 h - a scroll of fog {unknown}
 i - 4 scrolls of teleportation {unknown}
 k - a scroll of enchant armour {unknown}
 n - 2 scrolls of enchant weapon {unknown}
 r - 4 scrolls of remove curse {unknown}
 u - 2 scrolls of amnesia {unknown}
 y - 4 scrolls of fear {unknown}
 D - 4 scrolls of recharging {unknown}
Potions
 d - a potion of flight {unknown}
 w - a potion of heal wounds {unknown}
 F - a potion of cure mutation {unknown}
 H - 2 potions of haste {unknown}
 I - a potion of degeneration {unknown}
 J - a potion of curing {unknown}
Comestibles
 c - 5 bread rations
 g - 12 fruits
 l - 4 slices of pizza
 p - 5 meat rations
 q - 2 beef jerkies
 L - a royal jelly


   Skills:
 - Level 4.0(3.5) Fighting
 + Level 12.5(11.9) Maces & Flails
 - Level 2.6(2.2) Dodging


You had 7 spell levels left.
You didn't know any spells.

Dungeon Overview and Level Annotations

Branches:
Dungeon (6/15)
 Temple: D:4-7

Altars:
Ashenzari
Fedhas
Makhleb
Okawaru
Ru

Annotations:
D:4 exclusion: oklob plant


Innate Abilities, Weirdness & Mutations

You are too large for most types of armour.
You have tough skin (AC +1).


Message History

The ice beast is heavily wounded.
The giant gecko bites you. The ice beast barely misses you.
The iguana bites you.
You hit the ice beast but do no damage.
The ice beast is heavily wounded.
The giant gecko bites you. The ice beast hits you. The ice beast freezes you!
* * * LOW HITPOINT WARNING * * *
The iguana bites you.
* * * LOW HITPOINT WARNING * * *
You sock the ice beast!
The ice beast is severely wounded.
The giant gecko closely misses you. The ice beast hits you.
* * * LOW HITPOINT WARNING * * *
The ice beast freezes you!
* * * LOW HITPOINT WARNING * * *
A red film seems to cover your vision as you go berserk!
You feel yourself moving faster!
You feel mighty!
You feel quite a bit more hungry. The giant gecko completely misses you.
The iguana bites you!
You die...

..............###.......
........................
........................
.................>.....#
........................
........................
........................
###......#...(.#.l...#..
#..###.#.###.#@###.# #..
..#.. ..#Yl...# ##
......#..:..#.....
...###.#.###(# ###. ##.
.#. .# .. .( ##


You could see an ice beast, an iguana and a giant gecko.

Vanquished Creatures
  A hippogriff (D:6)
  An ogre (D:5)
  A giant frog (D:6)
  5 wights (D:6)
  3 crimson imps (D:5)
  A hound (D:5)
  Jessica (D:3)
  3 worker ants
  A mummy (D:4)
  2 hound skeletons
  4 gnolls (D:3)
  A howler monkey skeleton (D:4)
  14 adders
  A shadow imp (D:5)
  An ooze (D:3)
  An adder skeleton (D:5)
  4 worms (D:2)
  6 giant geckos
  10 orcs
  2 ball pythons
  3 bats
  3 giant cockroaches
  6 goblins
  6 hobgoblins
  13 jackals
  7 kobolds
  2 quokkas
  A giant gecko zombie (D:5)
  3 giant newts
  A hobgoblin zombie (D:4)
  3 kobold zombies (D:4)
  9 rats
120 creatures vanquished.

Notes
Turn   | Place    | Note
--------------------------------------------------------------
     0 | D:1      | deorigin the Ogre Berserker began the quest for the Orb.
     0 | D:1      | Reached XP level 1. HP: 24/24 MP: 1/1
   333 | D:1      | Reached XP level 2. HP: 19/32 MP: 2/2
   541 | D:1      | Reached skill level 5 in Maces & Flails
   905 | D:2      | Reached XP level 3. HP: 14/39 MP: 3/3
  1512 | D:2      | Reached skill level 6 in Maces & Flails
  1725 | D:2      | Reached ** piety under Trog
  1725 | D:2      | Reached XP level 4. HP: 11/48 MP: 4/4
  2407 | D:2      | Reached skill level 7 in Maces & Flails
  2823 | D:2      | Reached XP level 5. HP: 21/54 MP: 5/5
  3114 | D:3      | Noticed Jessica
  3123 | D:3      | Killed Jessica
  3224 | D:3      | Found a sacrificial altar of Ru.
  3226 | D:3      | Found a burning altar of Makhleb.
  3292 | D:3      | Found an iron altar of Okawaru.
  3541 | D:3      | Reached skill level 8 in Maces & Flails
  3891 | D:3      | Reached XP level 6. HP: 32/62 MP: 6/6
  4224 | D:3      | Reached *** piety under Trog
  4601 | D:4      | Reached skill level 9 in Maces & Flails
  5253 | D:4      | Found a blossoming altar of Fedhas.
  5268 | D:4      | Noticed an oklob plant
  5777 | D:5      | Entered Level 5 of the Dungeon
  5844 | D:5      | Reached XP level 7. HP: 54/70 MP: 7/7
  5915 | D:5      | Reached skill level 10 in Maces & Flails
  6533 | D:5      | Reached skill level 11 in Maces & Flails
  6974 | D:6      | Reached XP level 8. HP: 31/78 MP: 8/8
  7090 | D:6      | Found a shattered altar of Ashenzari.
  7125 | D:6      | Reached skill level 12 in Maces & Flails
  7248 | D:6      | HP: 1/78 [ice beast (13)]
  7249 | D:6      | Mangled by an iguana

Skill      XL: |  1  2  3  4  5  6  7  8 |
---------------+-------------------------+-----
Maces & Flails | 5 6 7 8 9 11 12 | 12.5
Fighting       | |  4.0
Dodging        | |  2.6

Action                   |  1- 3 |  4- 6 |  7- 9 || total
-------------------------+-------+-------+-------++-------
Melee: Mace              |   111 |   147 |       ||   258
       Flail             |       |   177 |    59 ||   236
       Giant club        |       |       |    25 ||    25
Invok: Trog's Hand       |       |     1 |       ||     1
       Berserk           |       |       |     1 ||     1
 Stab: Sleeping          |     1 |       |       ||     1
  Eat: Chunk             |     3 |    13 |     4 ||    20
Armor: Animal skin       |    36 |    56 |    10 ||   102
Dodge: Dodged            |    67 |   126 |    44 ||   237
Block: Shield            |       |    27 |       ||    27
